Map: 2000 Atmospheres LE

Players

TheShredder - Winner!

  • Race: Terran Terran
  • League: Diamond

Arioch

  • Race: Zerg Zerg
  • League: Platinum

VOD

Have the link to the VOD?

Description

Time

  • Played on: April 7, 2021, 6:41 p.m.
  • Length: 23:07
Show
View Real Time Build Order
Export as new Build Order

TheShredder Terran - Winner!

Build Orders:  

Get SALT Encoding   

  12  0:01  SCV  
  13  0:13  SCV  
  14  0:26  Supply Depot, SCV  
  15  0:48  SCV  
  16  0:52  Barracks  
  16  0:54  Barracks  
  16  1:00  SCV  
  17  1:09  Refinery  
  17  1:12  SCV  
  18  1:24  SCV  
  18  1:36  SCV  
  19  1:47  Supply Depot  
  20  1:48  SCV  
  20  1:57  Command Center  
  20  2:01  SCV, Marine  
  22  2:14  Bunker  
  22  2:19  Marine  
  23  2:26  SCV  
  24  2:32  Factory  
  24  2:37  Marine  
  24  2:40  SCV  
  24  2:42  Refinery  
  26  2:52  SCV  
  27  3:01  Barracks  
  27  3:07  Orbital Command  
  27  3:16  Starport  
  27  3:24  Barracks Tech Lab  
  27  3:28  SCV  
  28  3:38  Engineering Bay  
  28  3:41  SCV x2  
  30  3:53  Viking  
  32  4:08  SCV x2  
  34  4:12  Refinery  
  34  4:20  SCV x2  
  36  4:32  SCV  
  36  4:35  SCV  
  36  4:38  Command Center  
  38  4:54  SCV  
  38  4:55  SCV  
  38  4:59  Refinery  
  40  5:06  Banshee  
  40  5:07  SCV x2  
  45  5:11  Factory Tech Lab  
  45  5:19  SCV, Factory  
  46  5:22  Cloaking Field  
  46  5:32  Planetary Fortress  
  46  5:38  Supply Depot  
  47  5:50  SCV  
  47  6:01  Banshee  
  47  6:02  SCV  
  51  6:14  SCV  
  52  6:19  SCV  
  53  6:26  SCV  
  53  6:31  Supply Depot, SCV  
  59  6:36  Factory Tech Lab  
  59  6:38  SCV  
  59  6:39  Planetary Fortress  
  56  6:43  SCV  
  57  6:50  SCV  
  58  6:55  SCV  
  58  6:56  Raven  
  58  6:58  Hyperflight Rotors  
  58  7:00  Siege Tank x2  
  67  7:02  SCV  
  67  7:07  SCV  
  69  7:11  Refinery  
  69  7:12  Refinery  
  69  7:14  SCV, Sensor Tower  
  70  7:15  SCV  
  70  7:20  SCV  
  72  7:26  SCV  
  72  7:27  Supply Depot  
  72  7:28  SCV  
  72  7:29  Supply Depot  
  74  7:32  SCV  
  75  7:37  Ghost Academy  
  75  7:38  SCV, Ghost Academy  
  75  7:40  SCV  
  77  7:48  Siege Tank x2, SCV  
  77  7:51  SCV  
  85  7:52  SCV  
  85  7:53  Raven  
  88  8:20  Supply Depot  
  88  8:21  Supply Depot  
  88  8:22  Supply Depot  
  88  8:23  Supply Depot  
  88  8:25  Supply Depot  
  88  8:41  Raven  
  90  8:46  SCV x2  
  90  8:47  Personal Cloaking, Nuke  
  90  8:54  Supply Depot  
  90  8:56  Barracks  
  90  8:57  Supply Depot  
  90  8:58  Barracks, SCV x3  
  93  9:09  Command Center x2  
  93  9:10  SCV x2  
  93  9:11  Siege Tank  
  93  9:12  Siege Tank  
  101  9:17  Starport x2  
  101  9:26  Raven  
  103  9:36  Barracks Tech Lab  
  101  9:53  Armory  
  101  9:55  Supply Depot  
  101  9:57  Barracks Tech Lab x2  
  101  9:58  Ghost  
  102  10:13  Nuke  
  102  10:18  Starport Tech Lab  
  102  10:19  Starport Tech Lab  
  102  10:22  Planetary Fortress x2  
  102  10:24  Missile Turret  
  102  10:27  Ghost  
  104  10:29  Missile Turret  
  104  10:33  Command Center  
  104  10:42  Sensor Tower  
  104  10:57  Thor, Factory  
  104  10:58  Thor  
  104  10:59  Factory  
  104  11:00  Factory  
  104  11:02  Raven  
  118  11:19  Nuke  
  116  11:38  Raven  
  118  11:40  Thor  
  118  11:41  Siege Tank  
  114  12:13  Siege Tank, Ghost  
  105  12:37  Medivac x2  
  107  12:38  Factory Tech Lab x2  
  107  12:39  Factory Tech Lab  
  107  12:41  Ghost  
  111  12:54  Nuke  
  105  13:10  Ghost  
  103  13:31  Nuke  
  103  13:32  Ghost  
  103  13:33  Ghost  
  107  13:35  Thor  
  107  13:39  Ghost  
  88  14:14  Thor  
  88  14:15  Hellion x3  
  97  14:18  Hellion  
  96  14:36  Hellion x2  
  96  14:37  Hellion  
  102  14:40  Hellion  
  102  14:42  Nuke  
  102  14:43  SCV x2  
  106  14:52  SCV  
  107  14:55  SCV  
  107  14:57  Hellion  
  107  14:58  Hellion x3  
  114  15:01  Hellion  
  114  15:04  SCV  
  117  15:16  SCV  
  117  15:18  Hellion  
  117  15:19  Hellion x3  
  126  15:22  Hellion  
  128  15:29  SCV  
  127  15:40  Hellion x2  
  127  15:41  Hellion x2  
  135  15:44  Hellion  
  123  16:19  Thor  
  123  16:20  Thor x3  
  123  16:24  Refinery  
  139  16:27  Planetary Fortress  
  137  16:38  Refinery  
  124  16:56  Banshee  
  127  17:24  SCV  
  128  17:34  Banshee x2  
  128  17:36  SCV  
  135  17:39  Banshee  
  122  17:48  Thor, SCV  
  129  17:57  SCV x2  
  131  17:58  Missile Turret  
  131  18:04  Missile Turret  
  131  18:06  Missile Turret  
  131  18:08  SCV  
  131  18:09  SCV  
  133  18:14  Nuke  
  133  18:15  Nuke  
  133  18:21  Medivac  
  135  18:28  Medivac  
  135  18:29  Medivac  
  139  18:53  Thor  
  145  19:27  Thor  
  119  19:49  Banshee x3  
  119  19:52  Thor  
  131  20:15  Thor  
  125  20:25  Thor  
  125  20:26  Hellion x2  
  133  20:35  Hellion  
  133  20:40  Refinery  
  133  20:45  Banshee  
  133  20:47  Hellion  
  132  20:59  Command Center  
  132  21:01  Hellion x2  
Show
View Real Time Build Order
Export as new Build Order

Arioch Zerg 

Build Orders: Hatch First 

Get SALT Encoding   

  12  0:00  Drone  
  13  0:12  Overlord  
  13  0:20  Drone  
  14  0:30  Drone  
  14  0:31  Drone  
  16  0:48  Hatchery  
  15  0:51  Drone  
  15  0:55  Drone  
  17  0:59  Drone  
  18  1:09  Extractor  
  17  1:34  Drone x2  
  17  1:35  Drone  
  20  1:42  Spawning Pool  
  19  2:02  Drone x3  
  22  2:17  Hatchery  
  21  2:36  Drone x6  
  27  2:40  Metabolic Boost  
  27  3:07  Overlord  
  27  3:20  Overlord  
  27  3:22  Drone  
  27  3:25  Queen x2  
  32  3:30  Drone x2  
  32  3:31  Drone x2  
  36  3:35  Hatchery  
  36  3:39  Queen  
  40  3:55  Drone x7  
  40  4:01  Pneumatized Carapace  
  44  4:07  Drone, Spore Crawler  
  44  4:09  Drone x3  
  47  4:11  Queen  
  49  4:25  Baneling Nest  
  49  4:26  Overlord x2  
  49  4:27  Overlord  
  48  4:33  Overlord  
  48  4:41  Overlord  
  48  4:44  Queen  
  50  4:51  Drone  
  51  4:55  Drone x10  
  61  5:02  Lair  
  61  5:10  Queen  
  61  5:13  Spore Crawler  
  62  5:14  Extractor  
  62  5:15  Drone x3  
  62  5:16  Drone  
  62  5:17  Drone x2  
  62  5:19  Spine Crawler  
  62  5:21  Spine Crawler, Overlord  
  65  5:22  Overlord  
  65  5:23  Zergling x4  
  65  5:24  Zergling x2  
  65  5:25  Zergling x2  
  69  5:34  Zergling x10  
  69  5:35  Zergling x6  
  76  5:42  Roach Warren  
  76  5:43  Spore Crawler  
  75  6:02  Drone  
  75  6:03  Drone  
  77  6:06  Extractor  
  77  6:08  Drone x4  
  77  6:09  Hydralisk Den, Infestation Pit  
  78  6:15  Extractor x2  
  76  6:25  Drone, Extractor  
  77  6:26  Drone x3, Hatchery  
  77  6:27  Drone  
  77  6:28  Spore Crawler, Drone, Extractor  
  77  6:29  Drone  
  77  6:31  Overlord  
  79  6:36  Queen  
  79  6:37  Hatchery  
  79  6:39  Hatchery  
  79  6:45  Centrifical Hooks  
  79  6:51  Drone  
  79  6:52  Drone x3, Extractor  
  79  6:53  Drone x6  
  88  6:59  Overlord x2  
  88  7:02  Drone x3  
  88  7:04  Drone x2  
  88  7:06  Drone  
  94  7:08  Overlord  
  94  7:18  Grooved Spines  
  94  7:21  Hive  
  94  7:23  Lurker Den  
  94  7:27  Evolution Chamber x2  
  91  7:36  Overlord  
  91  7:37  Overlord x3  
  91  7:40  Drone x6  
  91  7:43  Baneling x6  
  97  7:44  Baneling x2  
  97  7:58  Queen  
  99  8:09  Burrow  
  99  8:10  Queen x4  
  99  8:11  Hydralisk  
  99  8:12  Hydralisk x3  
  111  8:31  Overseer  
  101  8:48  Hydralisk  
  101  8:49  Hydralisk x9  
  101  8:50  Hydralisk x8  
  101  8:53  Overlord  
  137  8:57  Drone  
  137  9:01  Adaptive Talons  
  138  9:03  Zerg Missile Weapons Level 1, Zerg Ground Armor Level 1  
  138  9:12  Muscular Augments  
  138  9:15  Spire  
  137  9:25  Hydralisk x4  
  137  9:26  Hydralisk x3  
  151  9:43  Extractor  
  151  9:44  Extractor  
  149  9:53  Drone x6  
  149  10:15  Hydralisk x2  
  149  10:16  Roach x4  
  161  10:33  Adrenal Glands, Seismic Spines  
  161  10:38  Drone, Ultralisk Cavern  
  161  10:39  Zerg Flyer Weapons Level 1  
  161  10:42  Overlord  
  161  10:43  Overlord x2, Extractor  
  161  10:44  Queen, Drone, Extractor, Overlord  
  162  10:55  Overlord x3  
  162  11:00  Queen  
  164  11:07  Drone x3  
  164  11:08  Drone x3  
  164  11:09  Drone x3  
  164  11:11  Drone x2  
  157  11:46  Spore Crawler  
  156  11:53  Overseer x3  
  152  11:54  Overseer  
  152  11:55  Overseer  
  144  12:04  Hydralisk x9, Drone  
  144  12:05  Hydralisk x8  
  144  12:06  Hydralisk x8  
  144  12:07  Hydralisk x9  
  144  12:08  Hydralisk x3  
  191  12:16  Hydralisk x3  
  191  12:17  Hydralisk  
  191  12:18  Hydralisk  
  173  12:34  Hydralisk x2  
  173  12:35  Roach x2  
  173  12:36  Zergling x8  
  173  12:37  Zergling x6  
  183  12:42  Zerg Missile Weapons Level 2  
  184  12:46  Zerg Ground Armor Level 2  
  184  12:50  Drone x3  
  187  12:52  Drone  
  183  13:17  Corruptor  
  183  13:18  Corruptor x4  
  185  13:23  Corruptor  
  182  14:00  Hydralisk x5  
  182  14:01  Hydralisk x5  
  178  14:07  Hydralisk x3  
  178  14:08  Corruptor  
  178  14:09  Zergling x2  
  167  14:10  Roach  
  167  14:11  Roach  
  167  14:16  Hydralisk  
  151  14:17  Roach  
  125  14:33  Spore Crawler  
  124  14:43  Drone  
  124  14:44  Drone x9  
  124  14:45  Drone x9  
  141  14:46  Drone x2  
  145  15:08  Lurker x2  
  145  15:09  Lurker x5  
  145  15:10  Hydralisk  
  145  15:11  Hydralisk  
  145  15:12  Overlord x2  
  145  15:13  Overlord x4  
  156  15:19  Hatchery  
  153  15:26  Overseer  
  146  15:36  Spore Crawler  
  146  15:38  Spore Crawler  
  146  15:41  Spine Crawler  
  143  15:43  Spine Crawler  
  139  16:17  Hydralisk x4  
  139  16:18  Hydralisk x6, Roach x2  
  147  16:19  Roach x3  
  165  16:26  Zerg Ground Armor Level 3, Zerg Missile Weapons Level 3  
  114  17:09  Drone x18  
  114  17:10  Drone x3  
  117  17:51  Hatchery  
  116  17:59  Ultralisk x3  
  116  18:00  Hatchery  
  116  18:01  Hatchery  
  116  18:04  Drone  
  116  18:05  Drone  
  134  18:11  Hatchery  
  133  18:24  Extractor  
  132  18:27  Extractor  
  132  18:29  Hydralisk x4  
  139  18:35  Chitinous Plating  
  139  18:40  Overseer  
  139  18:41  Overlord  
  139  18:52  Hydralisk x3  
  139  18:54  Overseer  
  145  19:05  Corruptor x2  
  149  19:12  Overseer  
  149  19:13  Overseer x3  
  117  19:40  Corruptor x2, Ultralisk x2  
  117  19:41  Zergling x2  
  117  19:42  Zergling x2  
  120  20:04  Zergling x4  
  120  20:05  Zergling x16  
  120  20:06  Zergling x2  
  120  20:07  Corruptor  
  130  20:08  Zergling x4  
  130  20:13  Corruptor  
  136  20:16  Zergling x2  
  133  20:34  Drone x2  
  135  20:47  Ultralisk x2  
  135  20:48  Zergling x2  
  112  21:20  Hatchery  
  86  21:36  Swarm Host x2  
Tags
 
Add a new tag
Caveats
  • Supply blocks, unpowered buildings, or Contaminate may cause inaccurate times.
  • Supply counts are checked every 10 seconds.